 Dungeon Crawl Stone Soup version 0.24-a0-169-g71aafec (webtiles) character file.

Game seed: 315751179022380017

2903 Borgoz the Sneak (level 9, -2/54 HPs)
             Began as a Gargoyle Enchanter on Mar 8, 2019.
             Was an Initiate of Ashenzari.
             Slain by a hog (7 damage)
             ... on level 7 of the Dungeon.
             The game lasted 00:14:32 (7071 turns).

Borgoz the Sneak (Gargoyle Enchanter)               Turns: 7071, Time: 00:14:33

Health: -2/54      AC: 11    Str: 16 (18) XL:     9   Next: 78%
Magic:  0/16       EV: 13    Int: 15 (17) God:    Ashenzari [......]
Gold:   340        SH:  0    Dex:  8 (11) Spells: 17/18 levels left

rFire    . . .     SeeInvis .   a - +1 dagger (elec)
rCold    . . .     Gourm    .   (no shield)
rNeg     + . .     Faith    .   o - +0 leather armour
rPois    ∞         Spirit   +   (no helmet)
rElec    +         Reflect  .   (no cloak)
rCorr    .         Harm     .   (no gloves)
MR       .....                  f - +0 pair of boots
Stlth    +++.......             e - amulet of guardian spirit
HPRegen  0.18/turn              (no ring)
MPRegen  0.15/turn              (no ring)

@: mighty
A: negative energy resistance 1, electricity resistance, unbreathing,
petrification resistance, rot immunity, AC +6
a: Curse Item, Renounce Religion


You were on level 7 of the Dungeon.
You worshipped Ashenzari.
Ashenzari was noncommittal.
You were not hungry.

You visited 2 branches of the dungeon, and saw 8 of its levels.

You collected 340 gold pieces.

Inventory:

Hand Weapons
 a - a +1 dagger of electrocution (weapon)
 b - a +0 blowgun
 t - a +2 dagger of speed
Missiles
 c - 2 curare-tipped needles
 n - 8 silver javelins (quivered)
 q - 5 needles of sleeping
 r - 59 poisoned needles
Armour
 f - a +0 pair of boots (worn)
 o - a +0 leather armour (worn)
 z - a +2 robe of the Archmagi
Jewellery
 e - an amulet of guardian spirit (around neck)
 s - a cursed ring of teleportation
 v - an uncursed ring of ice
Wands
 y - a wand of random effects (14)
 E - a wand of paralysis (9)
Scrolls
 g - 8 scrolls of remove curse
 i - 2 scrolls of enchant armour {unknown}
 j - 10 scrolls of identify {unknown}
 k - a scroll of random uselessness {unknown}
 m - 3 scrolls of teleportation {unknown}
 w - 2 scrolls of enchant weapon {unknown}
 D - a scroll of summoning {unknown}
 F - a scroll of fog {unknown}
Potions
 h - 2 potions of brilliance
 l - a potion of resistance {unknown}
 p - a potion of cancellation {unknown}
 u - 5 potions of curing
 x - 2 potions of degeneration
 A - a potion of flight {unknown}
 B - 2 potions of might
 G - a potion of magic {unknown}
Comestibles
 d - 12 rations
 C - 14 chunks of flesh


   Skills:
 + Level 5.2 Fighting
 * Level 6.5 Short Blades
 + Level 5.2 Armour
 + Level 4.3 Dodging
 + Level 6.7 Stealth
 + Level 5.0 Spellcasting
 - Level 2.6 Hexes


You had 17 spell levels left.
You knew the following spells:

 Your Spells              Type           Power        Failure   Level  Hunger
a - Corona                Hex            ##.....      6%          1    None

Your spell library contained the following spells:

 Spells                   Type           Power        Failure   Level  Hunger
 Ensorcelled Hibernation  Hex/Ice        #.....       17%         2    ##.....
 Confuse                  Hex            ##......     19%         3    ###....
 Tukima's Dance           Hex            ##......     19%         3    ###....
 Dazzling Spray           Conj/Hex       #.....       32%         3    ###....


Dungeon Overview and Level Annotations

Branches:
Dungeon (7/15)             Temple (1/1) D:5

Altars:
Ashenzari
Cheibriados
Dithmenos
Elyvilon
Fedhas
Gozag
Hepliaklqana
Kikubaaqudgha
Makhleb
Okawaru
Qazlal
Ru
Sif Muna
Trog
Uskayaw
Vehumet
Wu Jian
Xom
Yredelemnul
Zin
The Shining One

Shops:
D:5 *   D:6 [


Innate Abilities, Weirdness & Mutations

You are resistant to torment.
Your stone body is resilient. (AC +6)
You are immune to poison.
You resist negative energy. (rN+)
You are resistant to electric shocks. (rElec)
You can survive without breathing.
You are immune to petrification.
You are immune to rotting.


Message History

You hit the hog but do no damage. Lightning courses through the hog!
You kill the hog!
Your Spellcasting skill increases to level 5!
Okay, then.
It was a potion of degeneration.
There was something very wrong with that liquid.
You feel weakened.
You feel dopey.
You feel clumsy. The hog bites you!
* * * LOW HITPOINT WARNING * * *
You feel better. The hog bites you.
* * * LOW HITPOINT WARNING * * *
It was a potion of might.
You feel very mighty all of a sudden. The hog bites you!
* * * LOW HITPOINT WARNING * * *
The hog bites you but does no damage.
You puncture the hog!
The hog is moderately wounded.
The hog bites you!
You die...

#........ #.......#
+.......# # .......#.#
####### ......'. #.....#
.....#.# #.....# #......# #
###'##### #@# #####.
#%....#.###h# ########.#...
#%%...)†...h####............
#######...............÷.....
###...)..................
.....(...)...........##.#.
.........)......|.....##.#.
#......................##...
#.................#....##...


You could see 2 hogs.

Vanquished Creatures
  Pikel (D:5)
  Prince Ribbit (D:5)
  Grinder (D:5)
  A hippogriff (D:7)
  A human (D:7)
  2 hogs (D:7)
  Menkaure (D:5)
  An orc warrior (D:6)
  A phantom (D:6)
  A centaur (D:6)
  Blork the orc (D:4)
  A bullfrog (D:7)
  A scorpion (D:7)
  An oklob sapling (D:5)
  2 crimson imps
  A bullfrog zombie (D:6)
  4 orc priests
  2 orc wizards
  A centaur skeleton (D:4)
  3 hounds (D:6)
  2 bullfrog skeletons
  6 worker ants
  Natasha (thrice) (D:3)
  11 adders
  An ooze (D:2)
  2 adder skeletons
  A dart slug (D:4)
  3 leopard geckos
  14 orcs
  10 bats
  8 giant cockroaches
  8 goblins
  11 hobgoblins
  15 jackals
  5 quokkas
  2 ball pythons
  9 frilled lizards
  8 kobolds
  2 leopard gecko skeletons
  A quokka skeleton (D:6)
  10 rats
  2 plants (D:5)
162 creatures vanquished.

Notes
Turn   | Place    | Note
-------+----------+-------------------------------------------
     0 | D:1      | Borgoz the Gargoyle Enchanter began the quest for the Orb.
     0 | D:1      | Reached XP level 1. HP: 10/10 MP: 3/3
   509 | D:1      | Reached skill level 1 in Short Blades
   537 | D:1      | Reached XP level 2. HP: 15/15 MP: 3/5
  1084 | D:1      | Reached XP level 3. HP: 19/20 MP: 4/6
  1468 | D:2      | Reached skill level 1 in Fighting
  1552 | D:2      | Reached skill level 1 in Armour
  1578 | D:2      | Reached XP level 4. HP: 21/25 MP: 7/7
  1805 | D:2      | Found a hide-covered altar of Uskayaw.
  1808 | D:2      | Found an ornate altar of the Wu Jian Council.
  1809 | D:2      | Found a bloodstained altar of Trog.
  1907 | D:2      | Found a deep blue altar of Sif Muna.
  2454 | D:3      | Noticed Natasha
  2467 | D:3      | Killed Natasha
  2467 | D:3      | Reached XP level 5. HP: 17/29 MP: 5/9
  2494 | D:3      | Noticed Natasha
  2518 | D:3      | Killed Natasha
  2875 | D:3      | Noticed Natasha
  2905 | D:3      | Killed Natasha
  3189 | D:4      | Reached XP level 6. HP: 13/35 MP: 4/10
  3472 | D:4      | Found an iron altar of Okawaru.
  3728 | D:4      | Noticed Blork the orc
  3741 | D:4      | Killed Blork the orc
  3984 | D:4      | Reached XP level 7. HP: 32/40 MP: 8/11
  4122 | D:4      | Found a hazy altar of Hepliaklqana.
  4444 | D:5      | Entered Level 5 of the Dungeon
  4489 | D:5      | Noticed a fire elemental
  4490 | D:5      | Found a stormy altar of Qazlal.
  4493 | D:5      | Found a staircase to the Ecumenical Temple.
  4530 | D:5      | Noticed a water elemental
  4531 | D:5      | Noticed an air elemental
  4586 | D:5      | Noticed Grinder
  4592 | D:5      | Killed Grinder
  4707 | D:5      | Noticed Pikel
  4718 | D:5      | Killed Pikel
  4718 | D:5      | Reached skill level 5 in Stealth
  4718 | D:5      | Reached XP level 8. HP: 41/47 MP: 11/14
  4749 | D:5      | Noticed Menkaure
  4765 | D:5      | Killed Menkaure
  5043 | D:5      | Found a glowing golden altar of the Shining One.
  5083 | D:5      | Found a blossoming altar of Fedhas.
  5095 | D:5      | Found a shimmering altar of Xom.
  5098 | D:5      | Found a glowing silver altar of Zin.
  5179 | D:6      | Reached skill level 5 in Short Blades
  5257 | Temple   | Entered the Ecumenical Temple
  5463 | Temple   | Became a worshipper of Ashenzari the Shackled
  5515 | D:5      | Found Cegymezonn's Assorted Antiques.
  5529 | D:5      | Noticed Prince Ribbit
  5534 | D:5      | Killed Prince Ribbit
  5534 | D:5      | Reached XP level 9. HP: 52/52 MP: 15/15
  6405 | D:6      | Found Naifya's Antique Armour Shop.
  6527 | D:6      | Found a shadowy altar of Dithmenos.
  7031 | D:7      | Reached skill level 5 in Fighting
  7031 | D:7      | Reached skill level 5 in Armour
  7067 | D:7      | Reached skill level 5 in Spellcasting
  7071 | D:7      | Slain by a hog

Levels and vault maps discovered:
D:1:      dpeg_arrival_arbitrary_c, layout_loops_ring
D:2:      layout_basic, old_standard_altar, minitemple, first_ration
D:3:      layout_basic, uniq_natasha
D:4:      layout_basic, okawaru_gym_becter, old_standard_altar,
          uniq_blork_the_orc
D:5:      layout_loops_ring, nicolae_qazlal_style_of_elements,
          minmay_overflow_temple_star_quad, tso_oasis_becter,
          minmay_temple_entry_oklob, serial_shops, nicolae_shop_trees,
          uniq_prince_ribbit1, uniq_menkaure, uniq_pikel, uniq_grinder
D:6:      layout_basic, grunt_dithmenos_smoke, serial_shops,
          nicolae_shop_crystal, amethyst_killhole
D:7:      layout_basic, nemelex_xobeh_ov_fountains_minmay, grunt_livestock,
          zaba_anthole, minmay_hedge_maze, minmay_misc_feat_room
Temple:   jpeg_temple_island

Skill      XL: |  1  2  3  4  5  6  7  8  9 |
---------------+----------------------------+-----
Short Blades   | 1 2 3 4 5 6 |  6.5
Fighting       | 1 2 3 4 5 |  5.2
Armour         | 1 2 3 4 5 |  5.2
Dodging        | 2 3 4 |  4.3
Stealth        | 4 5 6 |  6.7
Spellcasting   | 3 4 5 |  5.0
Hexes          | |  2.6

Action                   |  1- 3 |  4- 6 |  7- 9 || total
-------------------------+-------+-------+-------++-------
Melee: Dagger            |   131 |   337 |   318 ||   786
Evoke: Wand              |       |       |     1 ||     1
  Use: Potion            |       |     2 |     3 ||     5
 Stab: Sleeping          |    10 |     5 |     6 ||    21
  Eat: Chunk             |     2 |     7 |    11 ||    20
Armor: Robe              |    26 |       |       ||    26
       Leather armour    |     5 |   106 |    84 ||   195
Dodge: Dodged            |    63 |   121 |   155 ||   339

Table legend:
 A = Non-vault XP
 B = Vault XP
 C = Vault XP percentage of total XP
 D = Non-vault monster count
 E = Vault monster count
 F = Vault count percentage of total count
                 A         B        C        D         E       F
            +---------+---------+-------+---------+---------+-------
      Total |    2047 |    2101 |  50.7 |     150 |      10 |   6.2
            +---------+---------+-------+---------+---------+-------
        D:1 |      37 |       0 |   0.0 |      24 |       0 |   0.0
        D:2 |     104 |       0 |   0.0 |      36 |       0 |   0.0
        D:3 |     126 |      35 |  21.7 |      28 |       1 |   3.4
        D:4 |     349 |     100 |  22.3 |      19 |       1 |   5.0
        D:5 |      86 |    1375 |  94.1 |       6 |       5 |  45.5
        D:6 |     659 |       0 |   0.0 |      22 |       0 |   0.0
        D:7 |     686 |     591 |  46.3 |      15 |       3 |  16.7
            +---------+---------+-------+---------+---------+-------
